[Event "Titled Tuesday Blitz July 18 Early 2023"]
[White "Rodriguez Santiago, Jaime"]
[Black "Vila Dupla, Aurelio"]
[WhiteFideId "3100898"]
[BlackFideId "2203383"]
[WhiteElo "2389"]
[BlackElo "2198"]
[Result "0-1"]
[Round "3"]
[TimeControl "180+2"]
[Date "2023.07.18"]
[WhiteClock "0:00:32"]
[BlackClock "0:00:26"]
[Board "194"]

1. c4 Nf6 2. Nc3 d5 3. cxd5 Nxd5 4. g3 e5 5. Bg2 Nb6 6. e3 Nc6 7. Nge2 h5 8. h3 h4 9. g4 f5 10. gxf5 Bxf5 11. f4 Nb4 12. e4 Be6 13. d4 Bc4 14. O-O exd4 15. Nxd4 Bxf1 16. Bxf1 Bc5 17. Be3 Nc6 18. Bb5 Qf6 19. e5 Qg6+ 20. Kh1 O-O-O 21. Bxc6 bxc6 22. Qc2 Qg3 23. Qf5+ Kb7 24. Ne4 Qxe3 25. Nxc5+ Ka8 26. Qe6 Rd6 27. exd6 Qxd4 28. Rc1 Qxf4 29. Nd3 Qf3+ 30. Kh2 Qxd3 31. d7 Qd2+ 32. Kg1 Qxc1+ 33. Kf2 Qxb2+ 34. Kf3 Qc3+ 35. Kg4 Qd4+ 36. Kg5 Qxd7 37. Qxd7 Nxd7 0-1


[Site "https://www.chess.com"]

[Event "Titled Tuesday Blitz July 18 Early 2023"]
[White "Hernandez Bermudez, Ulises Eduardo"]
[Black "Topalov, Aleksandar"]
[WhiteFideId "3902510"]
[BlackFideId "925659"]
[WhiteElo "2197"]
[BlackElo "2383"]
[Result "1-0"]
[Round "3"]
[TimeControl "180+2"]
[Date "2023.07.18"]
[WhiteClock "0:00:52"]
[BlackClock "0:00:54"]
[Board "195"]

1. e4 e6 2. d4 d5 3. exd5 exd5 4. c4 Nf6 5. Nc3 Bd6 6. cxd5 O-O 7. Bc4 h6 8. Nge2 Nbd7 9. Bb3 Nb6 10. Qd3 Bg4 11. O-O Bh5 12. Nf4 Bxf4 13. Bxf4 Bg6 14. Qf3 a6 15. Rad1 Re8 16. d6 c6 17. Be5 Nfd7 18. Rfe1 Qg5 19. Ne4 Nxe5 20. dxe5 Qxe5 21. d7 Red8 22. Nd6 Qf5 23. Nxf5 1-0


[Site "https://www.chess.com"]

[Event "Titled Tuesday Blitz July 18 Early 2023"]
[White "Novikova, Margarita"]
[Black "Jegorovas, Aleksandras"]
[WhiteFideId "14109689"]
[BlackFideId "12801950"]
[WhiteElo "2196"]
[BlackElo "2381"]
[Result "0-1"]
[Round "3"]
[TimeControl "180+2"]
[Date "2023.07.18"]
[WhiteClock "0:00:07"]
[BlackClock "0:02:12"]
[Board "196"]

1. e4 e6 2. d4 d5 3. exd5 exd5 4. Bd3 c5 5. dxc5 Bxc5 6. Nf3 Nc6 7. O-O Nge7 8. Bg5 O-O 9. h3 Qd6 10. Kh1 f6 11. Bh4 Nf5 12. Bxf5 Bxf5 13. Bg3 Qd7 14. Nc3 Rad8 15. Nb5 Bxh3 16. gxh3 Qxh3+ 17. Nh2 f5 18. Bc7 Rd7 19. Bf4 a6 20. Nc3 d4 21. Na4 Bd6 22. Bxd6 Rxd6 23. Qf3 Qh4 24. Qg3 Qe4+ 25. Qg2 Qxc2 26. Nb6 Rg6 27. Qd5+ Kh8 28. Nd7 Rd8 29. Qxf5 Qxf5 0-1


[Site "https://www.chess.com"]

[Event "Titled Tuesday Blitz July 18 Early 2023"]
[White "Pershina, Elena"]
[Black "Prydun, Andriy"]
[WhiteFideId "24147516"]
[BlackFideId "14145898"]
[WhiteElo "2189"]
[BlackElo "2380"]
[Result "1-0"]
[Round "3"]
[TimeControl "180+2"]
[Date "2023.07.18"]
[WhiteClock "0:00:09"]
[BlackClock "0:00:03"]
[Board "197"]

1. c4 e6 2. Nc3 d5 3. d4 Nf6 4. cxd5 exd5 5. Bg5 Be7 6. e3 O-O 7. Qc2 Re8 8. Bd3 h6 9. Bh4 c6 10. Nge2 Ne4 11. Bxe7 Qxe7 12. Bxe4 dxe4 13. Ng3 Qb4 14. O-O Qc4 15. Ngxe4 Bf5 16. Nf6+ gxf6 17. Qxf5 Kg7 18. Rac1 Qe6 19. Qf4 Nd7 20. Rfe1 Nf8 21. e4 Nh7 22. Re3 Rg8 23. Rg3+ Kh8 24. Qxh6 Rg4 25. Rh3 Rg7 26. Re1 Rag8 27. Rg3 Rg5 28. Ree3 R8g6 29. Qh4 Qc4 30. Qf4 Qxd4 31. Rd3 Qc5 32. Rd8+ Kg7 33. Qb8 Nf8 34. Qxb7 Rxg3 35. hxg3 Ne6 36. Rd3 Qc4 37. Rd7 Nc5 38. Qxa7 Nxd7 39. Qxd7 Qb4 40. Qd2 Qb6 41. Kf1 Rg5 42. a4 Rh5 43. Ke2 Rh2 44. Kf3 Qa5 45. Qf4 Qh5+ 46. g4 Qc5 47. Qxh2 1-0


[Site "https://www.chess.com"]

[Event "Titled Tuesday Blitz July 18 Early 2023"]
[White "Sankalan Shah"]
[Black "Duarte, Leonardo"]
[WhiteFideId "25600362"]
[BlackFideId "110582"]
[WhiteElo "2185"]
[BlackElo "2377"]
[Result "0-1"]
[Round "3"]
[TimeControl "180+2"]
[Date "2023.07.18"]
[WhiteClock "0:00:38"]
[BlackClock "0:01:33"]
[Board "198"]

1. d4 Nf6 2. c4 c5 3. d5 b5 4. Qc2 b4 5. e4 d6 6. a3 bxa3 7. Rxa3 g6 8. Nc3 Bg7 9. Bd3 Na6 10. Qa4+ Qd7 11. Qxd7+ Nxd7 12. Bd2 Nb4 13. Ke2 Nxd3 14. Kxd3 Ne5+ 15. Kc2 Nxc4 16. Ra2 Nxd2 17. Kxd2 O-O 18. Nge2 f5 19. Rha1 a6 20. Nb5 fxe4 21. Ke1 Bb7 22. Nc7 Rac8 23. Ne6 Bxd5 0-1


[Site "https://www.chess.com"]

[Event "Titled Tuesday Blitz July 18 Early 2023"]
[White "Slovineanu, Viacheslav"]
[Black "UgarteCesar"]
[WhiteFideId "13900510"]
[WhiteElo "2373"]
[BlackElo "2167"]
[Result "1/2-1/2"]
[Round "3"]
[TimeControl "180+2"]
[Date "2023.07.18"]
[WhiteClock "0:00:04"]
[BlackClock "0:00:44"]
[Board "199"]

1. d4 d5 2. Nf3 Nf6 3. c4 e6 4. e3 Nbd7 5. Nc3 a6 6. b3 Bb4 7. Bd2 c5 8. a3 Bxc3 9. Bxc3 b6 10. Bd3 Bb7 11. O-O O-O 12. Qe2 Qe7 13. cxd5 Nxd5 14. Bb2 Rfd8 15. Rfd1 h6 16. Rac1 b5 17. Bb1 Rac8 18. g3 cxd4 19. Nxd4 Rxc1 20. Rxc1 Rc8 21. Rxc8+ Bxc8 22. Qc2 Qc5 23. Qh7+ Kf8 24. Qh8+ Ke7 25. Qxg7 Bb7 26. Qxh6 N5f6 27. h4 Qd5 28. e4 Qc5 29. Qg5 Qxg5 30. hxg5 Nxe4 31. Bxe4 Bxe4 32. f4 Nc5 33. b4 Nd3 34. Ba1 Bd5 35. Kf1 Nc1 36. Kf2 Nb3 37. Bb2 Nxd4 38. Bxd4 Ba2 39. Ke3 Kd6 40. g4 Bb1 41. Bc5+ Kd5 42. Bd4 Kc4 43. Be5 Kb3 44. Bd6 Kxa3 45. Kd4 Kb3 46. Ke5 Kc4 47. Kf6 Kd5 48. Bf8 Bg6 49. f5 exf5 50. gxf5 Bh5 51. g6 fxg6 52. fxg6 Bxg6 53. Kxg6 Kc4 54. Kf5 Kb3 55. Ke4 Ka4 56. Kd4 a5 57. bxa5 Kxa5 58. Kc3 Ka4 59. Bb4 1/2-1/2


[Site "https://www.chess.com"]

[Event "Titled Tuesday Blitz July 18 Early 2023"]
[White "Davidson, Kevin"]
[Black "Lisjak, Zlatko"]
[WhiteFideId "2056810"]
[BlackFideId "14502186"]
[WhiteElo "2370"]
[BlackElo "2161"]
[Result "1-0"]
[Round "3"]
[TimeControl "180+2"]
[Date "2023.07.18"]
[WhiteClock "0:00:09"]
[BlackClock "0:00:00"]
[Board "200"]

1. e4 d6 2. d4 Nf6 3. Nc3 c6 4. f4 Qa5 5. Bd3 e5 6. Nf3 Nbd7 7. Be3 Be7 8. Qd2 O-O 9. O-O-O b5 10. Kb1 b4 11. Ne2 Re8 12. Nc1 exf4 13. Bxf4 Bf8 14. Rhe1 c5 15. Nb3 Qc7 16. e5 Nd5 17. exd6 Qd8 18. Rxe8 Qxe8 19. dxc5 Nxf4 20. Qxf4 Bb7 21. Re1 Qd8 22. Bxh7+ Kxh7 23. Ng5+ Kg8 24. Qxf7+ Kh8 25. Re3 Qxg5 26. Rh3+ Qh6 27. Rxh6+ gxh6 28. Qxd7 Bxg2 29. c6 a5 30. c7 Bb7 31. Nc5 a4 32. Nxb7 a3 33. c8=Q 1-0


[Site "https://www.chess.com"]

[Event "Titled Tuesday Blitz July 18 Early 2023"]
[White "Mejia, Cherry Ann"]
[Black "Palacio,Igor Da Paz"]
[WhiteFideId "5206880"]
[BlackFideId "2121140"]
[WhiteElo "2369"]
[BlackElo "2157"]
[Result "1-0"]
[Round "3"]
[TimeControl "180+2"]
[Date "2023.07.18"]
[WhiteClock "0:02:01"]
[BlackClock "0:00:00"]
[Board "201"]

1. e4 Nf6 2. e5 Nd5 3. c4 Nb6 4. d4 d6 5. exd6 exd6 6. Nc3 Be7 7. Bd3 O-O 8. Nge2 Re8 9. O-O Bg4 10. f3 Bh5 11. Nf4 Bg6 12. Nxg6 hxg6 13. Be3 Nc6 14. b3 Bf6 15. Bf2 Nxd4 16. Bxg6 Nxf3+ 17. Qxf3 fxg6 18. Rad1 Rf8 19. Nd5 Nxd5 20. Qxd5+ Kh7 21. Rd3 g5 22. Rh3+ Kg6 23. Qxb7 Re8 24. Qd5 Re5 25. Qd3+ Kf7 26. Bd4 Re6 27. Rhf3 Qe7 28. Bxf6 gxf6 29. Qh7+ Ke8 30. Qg8+ 1-0


[Site "https://www.chess.com"]

[Event "Titled Tuesday Blitz July 18 Early 2023"]
[White "Kiseljova, Marya"]
[Black "ArturoCaceres"]
[WhiteFideId "4155009"]
[WhiteElo "2134"]
[BlackElo "2368"]
[Result "0-1"]
[Round "3"]
[TimeControl "180+2"]
[Date "2023.07.18"]
[WhiteClock "0:00:00"]
[BlackClock "0:00:07"]
[Board "202"]

1. d4 f6 2. e4 e6 3. Bd3 h5 4. e5 f5 5. h4 b6 6. Qf3 Nc6 7. c3 Bb7 8. Qg3 Nce7 9. Nh3 Nh6 10. Nf4 Nf7 11. Ng6 Rh7 12. Nxf8 Kxf8 13. Nd2 Rc8 14. Nf3 Kg8 15. Ng5 Nxg5 16. Bxg5 Qe8 17. Be2 Be4 18. O-O Kf7 19. Rac1 c5 20. Rfe1 cxd4 21. cxd4 Bd5 22. b3 Nc6 23. Ba6 Rc7 24. Be3 g6 25. Bd3 Qd8 26. Rc3 Qc8 27. Rec1 Rg7 28. Bh6 Rh7 29. Bg5 a5 30. a3 Qb7 31. Qe3 Rc8 32. Bb5 Na7 33. Bd3 Rxc3 34. Rxc3 Bxg2 35. Qc1 Bc6 36. Bf1 Nc8 37. Be3 Ne7 38. Be2 Nd5 39. Rc2 Rg7 40. Bg5 Kg8 41. Bf3 Kh7 42. Bg2 Rf7 43. Bf4 Nxf4 44. Qxf4 Bxg2 45. f3 Bxf3 46. Rc3 Bg4 47. Qg5 Qe4 0-1


[Site "https://www.chess.com"]

[Event "Titled Tuesday Blitz July 18 Early 2023"]
[White "K2JW"]
[Black "Hrescak, Ivana"]
[BlackFideId "14613441"]
[WhiteElo "2362"]
[BlackElo "2133"]
[Result "1-0"]
[Round "3"]
[TimeControl "180+2"]
[Date "2023.07.18"]
[WhiteClock "0:00:39"]
[BlackClock "0:00:52"]
[Board "203"]

1. d4 d5 2. c4 c6 3. Nf3 Nf6 4. Nc3 dxc4 5. a4 Bf5 6. e3 e6 7. Bxc4 Bb4 8. O-O O-O 9. Qe2 Nbd7 10. Rd1 Bg4 11. e4 Qa5 12. e5 Nd5 13. Nxd5 cxd5 14. Bd3 Rac8 15. Bxh7+ Kh8 16. Bd3 Nb6 17. h3 Bh5 18. g4 Bg6 19. Bxg6 fxg6 20. Nh4 Rf7 21. Nxg6+ Kg8 22. g5 Rcf8 23. Nxf8 Bxf8 24. Qh5 Rf5 25. Qg6 Nc4 26. Qxe6+ Rf7 27. g6 1-0


[Site "https://www.chess.com"]

[Event "Titled Tuesday Blitz July 18 Early 2023"]
[White "Guevara Sanchez, Erick Marvin"]
[Black "Senft, Sean"]
[WhiteFideId "6700136"]
[BlackFideId "2044960"]
[WhiteElo "2132"]
[BlackElo "2355"]
[Result "0-1"]
[Round "3"]
[TimeControl "180+2"]
[Date "2023.07.18"]
[WhiteClock "0:01:45"]
[BlackClock "0:01:18"]
[Board "204"]

1. e4 c5 2. Nf3 d6 3. d4 cxd4 4. Nxd4 Nf6 5. Nc3 a6 6. Bg5 e6 7. f4 Qb6 8. Qd2 Nc6 9. Nxc6 bxc6 10. Bd3 Ng4 11. h3 Qe3+ 12. Qxe3 Nxe3 13. Kf2 Nxc2 14. Bxc2 d5 15. exd5 Bc5+ 16. Kg3 cxd5 17. Rhe1 Bb7 18. f5 Kd7 19. Bf4 Rhe8 20. fxe6+ fxe6 21. Bxh7 Rac8 22. Rad1 Bb4 23. Re3 a5 24. a3 Bc5 25. Red3 Ba6 26. R3d2 d4 27. Ne4 Bb6 28. Bg6 Rf8 29. Be5 d3 30. Nd6 Rc5 31. Bd4 Rg5+ 32. Kh4 Rxg6 33. Bxb6 Rh8# 0-1


[Site "https://www.chess.com"]

[Event "Titled Tuesday Blitz July 18 Early 2023"]
[White "Ishowmoves57"]
[Black "Sovetbekova, Nurai"]
[BlackFideId "13801910"]
[WhiteElo "2122"]
[BlackElo "2349"]
[Result "0-1"]
[Round "3"]
[TimeControl "180+2"]
[Date "2023.07.18"]
[WhiteClock "0:00:02"]
[BlackClock "0:00:29"]
[Board "205"]

1. e4 c5 2. Nc3 Nc6 3. f4 g6 4. Nf3 Bg7 5. Bc4 e6 6. f5 exf5 7. exf5 Nge7 8. fxg6 hxg6 9. Ng5 d5 10. Qf3 O-O 11. Nxd5 Nd4 12. Nf6+ Bxf6 13. Qxf6 Nd5 14. Qxd8 Rxd8 15. Bd3 Nb4 16. O-O Ndxc2 17. Bxc2 Nxc2 18. Rb1 Bf5 19. g4 Bxg4 20. Nxf7 Rf8 21. Ne5 Rxf1+ 22. Kxf1 Rf8+ 23. Kg1 Bh3 0-1


[Site "https://www.chess.com"]

[Event "Titled Tuesday Blitz July 18 Early 2023"]
[White "Llanos, Guillermo"]
[Black "campochess"]
[WhiteFideId "100358"]
[WhiteElo "2343"]
[BlackElo "2117"]
[Result "1-0"]
[Round "3"]
[TimeControl "180+2"]
[Date "2023.07.18"]
[WhiteClock "0:01:15"]
[BlackClock "0:01:16"]
[Board "207"]

1. Nf3 c5 2. g3 d5 3. Bg2 Nc6 4. O-O g6 5. d4 cxd4 6. Nxd4 Bg7 7. Nxc6 bxc6 8. c4 Nf6 9. cxd5 Nxd5 10. Qa4 Bd7 11. Rd1 O-O 12. Qh4 e6 13. Qxd8 Rfxd8 14. e4 Nb6 15. Nc3 Be8 16. Bg5 f6 17. Be3 e5 18. Bf1 Bf7 19. b3 Bf8 20. Ba6 Be7 21. Bb7 Rxd1+ 22. Rxd1 Rd8 23. Rxd8+ Bxd8 24. Bxc6 Kf8 25. Nd5 Be6 26. Bc5+ Kf7 27. a4 f5 28. f3 g5 29. a5 Nc8 30. b4 g4 31. exf5 Bxf5 32. Ne3 Be6 33. Nxg4 Bxg4 34. fxg4 Ke6 35. Be4 h6 36. Bf5+ Kd5 37. Bxc8 Bxa5 38. bxa5 Kxc5 39. a6 1-0


[Site "https://www.chess.com"]

[Event "Titled Tuesday Blitz July 18 Early 2023"]
[White "Marin Masis, Jose Esteban"]
[Black "Alain_Otero"]
[WhiteFideId "6508146"]
[WhiteElo "2116"]
[BlackElo "2342"]
[Result "0-1"]
[Round "3"]
[TimeControl "180+2"]
[Date "2023.07.18"]
[WhiteClock "0:00:15"]
[BlackClock "0:00:12"]
[Board "208"]

1. e4 e5 2. Nf3 Nc6 3. Bb5 a6 4. Ba4 Nf6 5. d3 d6 6. h3 g6 7. O-O Bg7 8. Bg5 h6 9. Be3 O-O 10. Nbd2 b5 11. Bb3 Na5 12. d4 Nxb3 13. axb3 Re8 14. d5 Bb7 15. c4 c6 16. Qc2 Rc8 17. Qd3 cxd5 18. cxd5 Nd7 19. b4 Rf8 20. Nb3 f5 21. Na5 Ba8 22. Rfc1 Nf6 23. Rxc8 Qxc8 24. Rc1 fxe4 25. Rxc8 exd3 26. Rxf8+ Kxf8 27. Ne1 Nxd5 28. Nxd3 e4 29. Nf4 Nxe3 30. Ne6+ Kf7 31. Nxg7 Nc4 32. Nxc4 bxc4 33. Nh5 gxh5 34. Kf1 Ke6 35. Ke1 Ke5 36. Kd2 Kd4 37. g3 Bc6 38. g4 hxg4 39. hxg4 Bd7 0-1


[Site "https://www.chess.com"]

[Event "Titled Tuesday Blitz July 18 Early 2023"]
[White "Dubreuil, Julien"]
[Black "Winkels, Marcel"]
[WhiteFideId "621285"]
[BlackFideId "1003887"]
[WhiteElo "2340"]
[BlackElo "2102"]
[Result "1-0"]
[Round "3"]
[TimeControl "180+2"]
[Date "2023.07.18"]
[WhiteClock "0:01:14"]
[BlackClock "0:00:00"]
[Board "209"]

1. c4 e5 2. g3 Nf6 3. Bg2 d5 4. cxd5 Nxd5 5. Nc3 Nb6 6. Nf3 Nc6 7. O-O Be7 8. b4 a6 9. a3 O-O 10. Bb2 f6 11. Rc1 Be6 12. Ne4 Nd4 13. Nxd4 exd4 14. d3 c6 15. Nc5 Bxc5 16. Rxc5 Re8 17. a4 Bd5 18. Bxd5+ Nxd5 19. Bxd4 Nxb4 20. Qb3+ Nd5 21. Qxb7 Rb8 22. Qxc6 Nb4 23. Qc7 Qxd4 24. Rc4 Qd8 25. Qa7 Rxe2 26. Rfc1 Re7 27. Rc7 Rxc7 28. Rxc7 Qf8 29. Rxg7+ Qxg7 30. Qxb8+ Qf8 31. Qb6 Kh8 32. d4 Qe7 33. Qb8+ Kg7 34. Qf4 Nd3 35. Qg4+ Kf8 36. Qc8+ Kf7 37. Qc4+ Kg7 38. Qxd3 1-0


[Site "https://www.chess.com"]

[Event "Titled Tuesday Blitz July 18 Early 2023"]
[White "Slayyy_200"]
[Black "Molina Carretero, Daniel"]
[BlackFideId "32071914"]
[WhiteElo "2034"]
[BlackElo "2333"]
[Result "0-1"]
[Round "3"]
[TimeControl "180+2"]
[Date "2023.07.18"]
[WhiteClock "0:00:00"]
[BlackClock "0:00:03"]
[Board "210"]

1. e4 c5 2. c3 d6 3. d4 Nf6 4. Bd3 Nc6 5. Ne2 e6 6. O-O Be7 7. Be3 O-O 8. Na3 a6 9. Bc2 b5 10. Nf4 Bb7 11. Nh5 cxd4 12. cxd4 Nb4 13. Bb1 Rc8 14. Nxf6+ Bxf6 15. Qd2 Nc6 16. Qd3 g6 17. d5 Ne5 18. Qd2 Qe7 19. Rd1 exd5 20. exd5 Nc4 21. Nxc4 Rxc4 22. Bd3 Rcc8 23. Re1 Rfe8 24. Bd4 Bxd4 25. Rxe7 Rxe7 26. Bxb5 Bxf2+ 27. Qxf2 axb5 28. Rd1 Rc5 29. Qf6 Rd7 30. Re1 Rc8 31. Qd4 h5 32. Rf1 Rc5 33. b4 Rxd5 34. Qf6 Rd2 35. Rf2 Rd1+ 36. Rf1 Rd2 37. Rf2 Rxf2 38. Qxf2 Rc7 39. Qb6 Rc1+ 40. Kf2 Rc2+ 41. Ke3 Bxg2 42. Qxd6 Rxa2 43. Qd8+ Kg7 44. Qd4+ Kg8 45. Qd8+ Kg7 46. Qd4+ Kh7 47. Qf6 Ra7 48. Qd8 Bd5 49. Qb6 Re7+ 50. Kd4 Bc4 51. Kc5 Re5+ 52. Kd4 Re2 53. Kc3 Rxh2 54. Qc7 Rh3+ 55. Kd4 Rf3 56. Kc5 Rf5+ 57. Kb6 h4 58. Ka5 h3 59. Kb6 Rh5 60. Qh2 Bf1 61. Ka5 g5 62. Qh1 Bc4 63. Qb1+ Kg8 64. Qh1 g4 65. Qa8+ Kg7 66. Qh1 g3 67. Qa1+ Kg8 68. Qe1 Rg5 69. Qe8+ Kg7 0-1


[Site "https://www.chess.com"]

[Event "Titled Tuesday Blitz July 18 Early 2023"]
[White "Ziatdinov, Raset"]
[Black "LLariMarc"]
[WhiteFideId "2015323"]
[WhiteElo "2332"]
[BlackElo "2020"]
[Result "0-1"]
[Round "3"]
[TimeControl "180+2"]
[Date "2023.07.18"]
[WhiteClock "0:00:11"]
[BlackClock "0:01:57"]
[Board "211"]

1. e4 e6 2. Nf3 d5 3. exd5 exd5 4. d4 Bd6 5. Bd3 c6 6. O-O Ne7 7. c4 dxc4 8. Bxc4 O-O 9. Nc3 Nd7 10. Re1 Nb6 11. Bd3 Ned5 12. Ne4 h6 13. Nxd6 Qxd6 14. Ne5 Be6 15. Qf3 Nb4 16. Bb1 Qxd4 17. a3 N4d5 18. Re4 Qc5 19. Bd2 Nf6 20. Re1 Nbd5 21. g4 Qd4 22. Bc1 Nxg4 23. Nxg4 Qxg4+ 24. Qxg4 Bxg4 25. b4 Rfe8 26. Rf1 Bh3 27. Rd1 Nc3 28. Rd3 Re1# 0-1


[Site "https://www.chess.com"]

[Event "Titled Tuesday Blitz July 18 Early 2023"]
[White "Buscar, Michael"]
[Black "Penagalapati, Abhinav"]
[WhiteFideId "2603616"]
[BlackFideId "30938210"]
[WhiteElo "2331"]
[BlackElo "2005"]
[Result "1-0"]
[Round "3"]
[TimeControl "180+2"]
[Date "2023.07.18"]
[WhiteClock "0:00:18"]
[BlackClock "0:00:15"]
[Board "212"]

1. c4 c6 2. e4 d5 3. cxd5 cxd5 4. exd5 Nf6 5. Nc3 Nxd5 6. Bc4 Nxc3 7. bxc3 e6 8. Nf3 Be7 9. h4 Nc6 10. h5 h6 11. Rh3 e5 12. Rg3 e4 13. Rxg7 exf3 14. Qxf3 Ne5 15. Qf4 Nxc4 16. Qxf7+ Kd7 17. Qxc4 Qb6 18. Ba3 Qe6+ 19. Qxe6+ Kxe6 20. Rxe7+ Kf6 21. f3 Bf5 22. Rxb7 Rae8+ 23. Kf2 Bd3 24. Bc5 Re2+ 25. Kg1 Rg8 26. g4 Kg5 27. Rf1 Kh4 28. Rf2 Re1+ 29. Kg2 Rxg4+ 30. fxg4 Be4+ 31. Rf3 Bxb7 32. Bf2+ Kxg4 33. Bxe1 Bxf3+ 34. Kf2 Bd5 35. a4 Kxh5 36. Ke3 Kg6 37. Kd4 Bf3 38. Ke5 Kf7 39. d4 Ke7 40. a5 Kd7 41. c4 Kc6 42. Bf2 h5 43. d5+ Kd7 44. Bxa7 Be2 45. c5 h4 46. c6+ Kc8 47. Bf2 h3 48. Bg3 Bg4 49. Kd4 Kd8 50. Kc5 Kc8 51. Kb6 Bf3 52. d6 Bg4 53. a6 1-0


[Site "https://www.chess.com"]

[Event "Titled Tuesday Blitz July 18 Early 2023"]
[White "Saucey, Michel"]
[Black "abelmat"]
[WhiteFideId "601845"]
[WhiteElo "2321"]
[BlackElo "1961"]
[Result "1-0"]
[Round "3"]
[TimeControl "180+2"]
[Date "2023.07.18"]
[WhiteClock "0:00:10"]
[BlackClock "0:00:00"]
[Board "213"]

1. d4 d5 2. c4 e6 3. Nc3 Nf6 4. Bg5 Be7 5. e3 Nbd7 6. Nf3 h6 7. Bf4 O-O 8. Rc1 a6 9. c5 c6 10. b4 b6 11. Bd3 a5 12. a3 Ba6 13. O-O Bxd3 14. Qxd3 b5 15. Rb1 axb4 16. axb4 Ra3 17. Qc2 Qa8 18. Rb2 Nh5 19. Be5 Nhf6 20. h3 Qa6 21. Bc7 Ra8 22. Ne5 Nxe5 23. dxe5 Nd7 24. Bd6 Bf8 25. Ne2 Ra2 26. Nd4 Ra4 27. f4 Bxd6 28. cxd6 Rc8 29. Rc1 Ra1 30. Rbb1 Rxb1 31. Rxb1 Nb6 32. Nxc6 Ra8 33. Ne7+ Kf8 34. Qc6 Nc4 35. Qc7 Qa7 36. Qxa7 Rxa7 37. Nc6 Ra2 38. Nd4 Ke8 39. Nxb5 Kd7 40. Nd4 Nxe3 41. b5 Rxg2+ 42. Kh1 1-0


[Site "https://www.chess.com"]

[Event "Titled Tuesday Blitz July 18 Early 2023"]
[White "Okike, David"]
[Black "Lohani, Sujana"]
[WhiteFideId "8500134"]
[BlackFideId "12311987"]
[WhiteElo "2320"]
[BlackElo "1930"]
[Result "1-0"]
[Round "3"]
[TimeControl "180+2"]
[Date "2023.07.18"]
[WhiteClock "0:00:20"]
[BlackClock "0:00:00"]
[Board "214"]

1. e4 c5 2. Nf3 Nc6 3. d4 cxd4 4. Nxd4 g6 5. Nxc6 bxc6 6. Qd4 Nf6 7. e5 Nd5 8. Bc4 e6 9. O-O Bg7 10. Qe4 O-O 11. Nd2 Nb6 12. Bd3 d5 13. exd6 Qxd6 14. Nf3 Nd5 15. Rb1 Rd8 16. Bg5 Rd7 17. a3 Bb7 18. Rfd1 c5 19. Qe2 Nf4 20. Qe3 Nd5 21. Qe1 Qc6 22. Be4 Qb6 23. c4 Nf6 24. Bxb7 Qxb7 25. Ne5 Rxd1 26. Qxd1 Ne4 27. Bf4 g5 28. Nxf7 Kxf7 29. Qh5+ Kg8 30. Bxg5 Nxg5 31. Qxg5 Qe4 32. Qc1 Rf8 33. f3 Bd4+ 34. Kh1 Qf4 35. Qxf4 Rxf4 36. b3 e5 37. h3 a5 38. Kh2 e4 39. Kg3 Be5 40. Kf2 exf3 41. gxf3 Bd4+ 42. Kg3 Rf6 43. f4 Kf7 44. Re1 Rg6+ 45. Kf3 Re6 46. Re4 Rxe4 47. Kxe4 Ke6 48. f5+ Kf6 49. Kf4 Bb2 50. a4 Bd4 51. Ke4 h6 52. Kf4 Be5+ 53. Kg4 1-0


[Site "https://www.chess.com"]

[Event "Titled Tuesday Blitz July 18 Early 2023"]
[White "Saim, Mohamed Ilias"]
[Black "kiwibobo"]
[WhiteFideId "7900465"]
[WhiteElo "1910"]
[BlackElo "2320"]
[Result "0-1"]
[Round "3"]
[TimeControl "180+2"]
[Date "2023.07.18"]
[WhiteClock "0:00:00"]
[BlackClock "0:00:14"]
[Board "215"]

1. c4 Nf6 2. g3 g6 3. Bg2 Bg7 4. Nc3 O-O 5. e4 d6 6. Nge2 e5 7. O-O Nc6 8. d3 a6 9. h3 Be6 10. Be3 Nd7 11. f4 exf4 12. gxf4 f5 13. Kh1 fxe4 14. dxe4 Bxc4 15. Rf2 Qh4 16. b3 Bxe2 17. Nxe2 Bxa1 18. Qxa1 Qf6 19. Nd4 Nxd4 20. Bxd4 Qh4 21. Be3 Nf6 22. e5 Ng4 23. Bd5+ Kg7 24. exd6+ Kh6 25. Re2 Nxe3 26. Rxe3 cxd6 27. Qc1 Qxf4 28. Re1 Qxc1 29. Rxc1 Rac8 30. Rd1 Rc2 31. Be4 Rxa2 0-1


[Site "https://www.chess.com"]

[Event "Titled Tuesday Blitz July 18 Early 2023"]
[White "Acikel, Mert"]
[Black "Navyblue1"]
[WhiteFideId "12956465"]
[WhiteElo "2311"]
[BlackElo "1874"]
[Result "1-0"]
[Round "3"]
[TimeControl "180+2"]
[Date "2023.07.18"]
[WhiteClock "0:01:18"]
[BlackClock "0:00:00"]
[Board "216"]

1. e4 c5 2. Nf3 d6 3. Bb5+ Nd7 4. Ba4 Nf6 5. O-O e6 6. Re1 Be7 7. c3 O-O 8. d4 cxd4 9. cxd4 e5 10. Nc3 Nb6 11. Bb3 Bg4 12. h3 Bxf3 13. Qxf3 exd4 14. Nb5 Nfd7 15. Nxd4 Ne5 16. Qe2 Rc8 17. Bf4 Bg5 18. Bxg5 Qxg5 19. Nf5 Rcd8 20. Rad1 g6 21. Nxd6 Qf6 22. Nb5 a6 23. Nc7 Qe7 24. Nd5 Qd6 25. Qe3 Nxd5 26. Rxd5 Qe7 27. Red1 Nc6 28. Qf4 Rxd5 29. exd5 Na5 30. d6 Qd7 31. Bd5 Nc6 32. Re1 1-0


[Site "https://www.chess.com"]

[Event "Titled Tuesday Blitz July 18 Early 2023"]
[White "Cardozo Munar, Carlos Eduardo"]
[Black "Gyulamiryan-koryun"]
[WhiteFideId "4409477"]
[WhiteElo "2296"]
[BlackElo "1861"]
[Result "1/2-1/2"]
[Round "3"]
[TimeControl "180+2"]
[Date "2023.07.18"]
[WhiteClock "0:00:21"]
[BlackClock "0:00:07"]
[Board "217"]

1. d4 Nf6 2. Bg5 g6 3. Bxf6 exf6 4. g3 Bg7 5. Bg2 O-O 6. Nf3 f5 7. O-O Nc6 8. e3 Re8 9. c4 Ne7 10. b4 d5 11. Nbd2 dxc4 12. Nxc4 c6 13. a4 Nd5 14. b5 Bd7 15. Nce5 cxb5 16. Nxd7 Qxd7 17. axb5 Qxb5 18. Rb1 Qa6 19. Qd2 Red8 20. Ra1 Qd6 21. Rfb1 b6 22. Rb5 a6 23. Rxd5 Qxd5 24. Ne5 Qb5 25. Bxa8 Bxe5 26. Bf3 Bf6 27. Qc2 a5 28. Rb1 Qa6 29. Qc7 Kg7 30. Rxb6 Qc8 31. Qxc8 Rxc8 32. Ra6 Bd8 33. Kg2 Rc2 34. Ra7 Bc7 35. h4 h5 36. Bd5 Rc3 37. Bf3 f6 38. d5 Kf8 39. Ra6 Ke7 40. Re6+ Kf7 41. Bd1 Rd3 42. Bf3 a4 43. Rc6 Be5 44. Ra6 a3 45. Be2 Rb3 46. d6 Rb2 47. Bc4+ Ke8 48. Be6 Rb8 49. Rxa3 Bxd6 50. Ra7 Be7 51. Kf3 Kf8 52. Rc7 Rd8 53. Ke2 Rb8 54. f3 Rd8 55. e4 fxe4 56. fxe4 Rb8 57. Bd5 Rd8 58. Kd3 Rb8 59. Kc4 Rb4+ 60. Kc3 Rb8 61. Kd3 Rd8 62. Kc4 Rb8 63. Be6 Rb4+ 64. Kd5 Rb8 65. g4 hxg4 66. Bxg4 Rd8+ 67. Bd7 Rb8 68. Ke6 Rb6+ 69. Rc6 Rxc6+ 70. Bxc6 f5 71. exf5 gxf5 72. h5 Bg5 73. Kxf5 Bh6 74. Kg6 Bd2 75. Bd5 Bc1 76. Be6 Bd2 77. Bb3 Bc1 78. h6 Bxh6 1/2-1/2


[Site "https://www.chess.com"]

[Event "Titled Tuesday Blitz July 18 Early 2023"]
[White "Wang, Alexander J"]
[Black "Castillo Pena, Patricia Evarista"]
[WhiteFideId "30955270"]
[BlackFideId "6412106"]
[WhiteElo "2293"]
[BlackElo "1836"]
[Result "1-0"]
[Round "3"]
[TimeControl "180+2"]
[Date "2023.07.18"]
[WhiteClock "0:00:20"]
[BlackClock "0:00:10"]
[Board "218"]

1. e4 c5 2. Nf3 d6 3. d4 cxd4 4. Nxd4 Nf6 5. Nc3 a6 6. g3 e5 7. Nde2 Be7 8. Bg2 b5 9. a3 O-O 10. O-O Nbd7 11. h3 Bb7 12. Be3 Rc8 13. g4 Nc5 14. Ng3 g6 15. Qd2 Ne6 16. Nd5 Bxd5 17. exd5 Nc7 18. g5 Nd7 19. Ne4 f5 20. gxf6 Nxf6 21. Nxf6+ Bxf6 22. b3 Qe8 23. Rad1 Qf7 24. c4 bxc4 25. bxc4 Ne8 26. c5 Kh8 27. c6 Nc7 28. Rb1 Bg7 29. Rb7 Qf5 30. a4 e4 31. Rd1 Be5 32. Bd4 e3 33. Qxe3 Bxd4 34. Qxd4+ Qe5 35. Qxe5+ dxe5 36. d6 Ne6 37. c7 Nd4 38. d7 Rxc7 39. Rxc7 Rd8 40. Rc8 1-0


[Site "https://www.chess.com"]